 Dungeon Crawl Stone Soup version 0.18.0-2-g198d6d4 (webtiles) character file.

141 Heskey the Skirmisher (level 5, -9/34 HPs)
             Began as a Gargoyle Fighter on May 5, 2016.
             Killed by divine providence
             ... invoked by an orc priest
              (12 damage)
             ... on level 3 of the Dungeon.
             The game lasted 00:04:34 (1992 turns).

Heskey the Skirmisher (Gargoyle Fighter)            Turns: 1992, Time: 00:04:36

Health: -9/34      AC: 12    Str: 20    XL:     5   Next: 24%
Magic:  5/5        EV:  7    Int:  9    God:
Gold:   124        SH:  9    Dex:  9    Spells: 0 memorised, 4 levels left

rFire  . . .     SeeInvis .     a - +0 flail
rCold  . . .     Gourm    .     b - +0 scale mail
rNeg   + . .     Faith    .     c - +0 shield
rPois  ∞         Spirit   .     (no helmet)
rElec  +         Dismiss  .     d - +0 cloak
rCorr  .         Reflect  .     (no gloves)
SustAt .         Harm     .     (no boots)
MR     .....                    (no amulet)
Stlth  ..........               (no ring)
                                (no ring)

@: not resistant to hostile enchantments, extremely unstealthy
A: negative energy resistance 1, electricity resistance, unbreathing,
petrification resistance, rot immunity, AC +4
a: no special abilities


You were on level 3 of the Dungeon.
You were not hungry.

You visited 1 branch of the dungeon, and saw 3 of its levels.

You collected 124 gold pieces.

Inventory:

Hand Weapons
 a - a +0 flail (weapon)
Armour
 b - a +0 scale mail (worn)
 c - a +0 shield (worn)
 d - a +0 cloak (worn)
Jewellery
 p - an uncursed ring of poison resistance {unknown}
 q - an uncursed ring of fire {unknown}
Scrolls
 e - a scroll of random uselessness {unknown}
 g - a scroll of enchant weapon {unknown}
 h - a scroll of teleportation {unknown}
 i - 2 scrolls of noise {unknown}
 k - a scroll of magic mapping {unknown}
 n - 3 scrolls of identify {unknown}
 r - a scroll of fear {unknown}
 s - a scroll of remove curse {unknown}
 t - a scroll of immolation {unknown}
Potions
 l - a potion of mutation {unknown}
 u - a potion of curing {unknown}
Comestibles
 f - 2 bread rations
 o - 2 meat rations


   Skills:
 * Level 4.6 Fighting
 + Level 2.7 Maces & Flails
 + Level 4.0 Armour
 - Level 1.0 Dodging
 - Level 3.9 Shields


You had 4 spell levels left.
You didn't know any spells.

Dungeon Overview and Level Annotations

Branches:
Dungeon (3/15)

Altars:
Elyvilon


Innate Abilities, Weirdness & Mutations

You are resistant to torment.
Your stone body is resilient (AC +4).
You are immune to poison.
You resist negative energy.
You are resistant to electric shocks.
You can survive without breathing.
You are immune to petrification.
You are immune to rotting.


Message History

The orc priest casts a cantrip, but nothing happens.
You block the orc's attack.
You hit the orc but do no damage.
The orc is almost dead.
The orc priest looks braver for a moment.
The orc hits you but does no damage.
You closely miss the orc.
The orc is almost dead.
You block the orc's attack. The orc barely misses you.
You barely miss the orc.
The orc is almost dead.
The orc completely misses you.
You hit the orc.
You kill the orc!
The orc priest mumbles some strange prayers to Beogh against you.
Beogh smites you!
* * * LOW HITPOINT WARNING * * *
The orc priest calls down the wrath of Beogh upon you.
Beogh smites you!
You die...

#....# #....# #....#
########### ##....#
######### #.........#
#.....# #........
#.........# #.....#
#.#######
#.........#####.....###.#
##
#.............(<........#
#.
#.........####@##.#######
#. #.........# #o##.# #.
#.........####)##.# #.
#####.######.ooo..## ###.
#...# #.ooo...# ##...
###.# #.....#.## ####..##
#.####..)..#..# #.......
#.##.....####.####.......
#.#.......###.).......)..


You could see 2 orc priests and 5 orcs.

Vanquished Creatures
  3 gnolls (D:3)
  4 adders
  2 oozes (D:1)
  2 giant geckos
  2 orcs (D:3)
  A giant cockroach (D:2)
  12 goblins
  8 hobgoblins
  6 jackals
  6 kobolds
  A quokka (D:3)
  A ball python (D:2)
  4 bats
  A giant newt (D:1)
  9 rats
62 creatures vanquished.

Notes
Turn   | Place    | Note
--------------------------------------------------------------
     0 | D:1      | Heskey the Gargoyle Fighter began the quest for the Orb.
     0 | D:1      | Reached XP level 1. HP: 14/14 MP: 1/1
   103 | D:1      | Reached XP level 2. HP: 9/19 MP: 2/2
   451 | D:1      | Reached XP level 3. HP: 22/23 MP: 3/3
   772 | D:2      | Reached skill level 1 in Dodging
   937 | D:2      | Found a white marble altar of Elyvilon.
  1024 | D:2      | Found a white marble altar of Elyvilon.
  1326 | D:2      | Reached XP level 4. HP: 24/29 MP: 4/4
  1732 | D:3      | Reached XP level 5. HP: 17/34 MP: 5/5
  1992 | D:3      | Killed from afar by an orc priest

Skill      XL: |  1  2  3  4 |
---------------+-------------+-----
Dodging        | 1 |  1.0
Fighting       | 4 |  4.6
Armour         | 4 |  4.0
Maces & Flails | |  2.7
Shields        | |  3.9

Action                   |  1- 3 |  4- 6 || total
-------------------------+-------+-------++-------
Melee: Flail             |   160 |   128 ||   288
  Use: Potion            |     3 |     2 ||     5
  Eat: Chunk             |     1 |     3 ||     4
Armor: Scale mail        |   108 |    73 ||   181
Dodge: Dodged            |    72 |    59 ||   131
Block: Shield            |    94 |    82 ||   176
